 Dungeon Crawl Stone Soup version 0.27-a0-1048-g7ee7857c10 (webtiles) character file.

Game seed: 8687107062817354737

562 Nosferatu13666 the Covert (level 7, -3/35 HPs)
             Began as a Spriggan Brigand on Apr 20, 2021.
             Was an Initiate of Dithmenos.
             Slain by a water moccasin (10 damage)
             ... on level 5 of the Dungeon.
             The game lasted 00:23:51 (5944 turns).

Nosferatu13666 the Covert (Spriggan Brigand)        Turns: 5944, Time: 00:23:51

Health: -3/35      AC:  3    Str: 10    XL:     7   Next: 10%
Magic:  13/13      EV: 19    Int: 12    God:    Dithmenos [......]
Gold:   378        SH:  0    Dex: 19    Spells: 12/13 levels left

rFire    + . .     SeeInvis +   a - +2 dagger
rCold    x . .     Faith    .   (shield restricted)
rNeg     . . .     Spirit   .   b - +0 robe
rPois    .         Reflect  .   (helmet restricted)
rElec    .         Harm     .   c - +0 cloak
rCorr    .         Rampage  .   (gloves unavailable)
Will     +....                  (boots unavailable)
Stlth    ++++......             n - amulet of magic regeneration
HPRegen  0.11/turn              j - ring of the Devouring King {Fire Drain Str+3 SInv}
MPRegen  0.38/turn              (no ring)

@: lethally poisoned (-3 -> -13), invisible, very quick
A: very small, no large weapons, unfitting armour, see invisible, speed 3
a: Renounce Religion


You were on level 5 of the Dungeon.
You worshipped Dithmenos.
Dithmenos was noncommittal.
You visited 2 branches of the dungeon, and saw 7 of its levels.

You collected 378 gold pieces.

Inventory:

Hand Weapons
 a - a +2 dagger (weapon)
Missiles
 d - 2 poisoned darts (quivered)
 e - a curare-tipped dart
Armour
 b - a +0 robe (worn)
 c - a +0 cloak (worn)
Jewellery
 j - the ring of the Devouring King (left hand) {Fire Drain Str+3 SInv}
   (You acquired it on level 4 of the Dungeon)

   [ring of fire]

   It enhances your fire magic.
   It affects your strength (+3).
   It protects you from fire.
   It makes you vulnerable to cold.
   It lets you see invisible.
   It drains your maximum health when unequipped.
 n - an amulet of magic regeneration (around neck)
 x - a ring of ice
Scrolls
 f - a scroll of fear
 h - 6 scrolls of identify
 k - a scroll of summoning {unknown}
 q - a scroll of amnesia
 s - a scroll of enchant armour {unknown}
 t - a scroll of holy word {unknown}
 v - a scroll of immolation {unknown}
 w - a scroll of fog {unknown}
 y - a scroll of vulnerability {unknown}
Potions
 i - a potion of berserk rage {unknown}
 l - a potion of might {unknown}
 m - a potion of curing {unknown}
 o - a potion of heal wounds {unknown}
 p - a potion of degeneration {unknown}
 r - 4 potions of brilliance {unknown}
 u - 3 potions of resistance {unknown}


   Skills:
 + Level 2.5 Fighting
 + Level 3.2 Short Blades
 + Level 3.1 Throwing
 * Level 4.5 Dodging
 * Level 8.4 Stealth
 * Level 3.5 Spellcasting
 + Level 1.6 Hexes


You had 12 spell levels left.
You knew the following spells:

 Your Spells              Type           Power      Damage    Failure   Level
a - Corona                Hex            6%         N/A       12%         1

Your spell library contained the following spells:

 Spells                   Type           Power      Damage    Failure   Level
 Slow                     Hex            6%         N/A       19%         2
 Beastly Appendage        Tmut           4%         N/A       24%         1
 Wereblood                Tmut           2%         N/A       34%         2
 Inner Flame              Hex/Fire       6%         N/A       45%         3
 Portal Projectile        Hex/Tloc       8%         N/A       45%         3
 Spider Form              Tmut/Pois      1%         N/A       56%         3
 Cause Fear               Hex            3%         N/A       75%         4
 Leda's Liquefaction      Hex/Erth       2%         N/A       86%         4
 Ice Form                 Ice/Tmut       2%         N/A       93%         4
 Hydra Form               Tmut           1%         N/A       100%        5


Dungeon Overview and Level Annotations

Branches:
Dungeon (6/15)             Temple (1/1) D:5

Altars:
Cheibriados
Dithmenos
Fedhas
Hepliaklqana
Kikubaaqudgha
Nemelex Xobeh
Ru
Sif Muna
Vehumet
Xom
Yredelemnul
Zin

Shops:
D:4 !

Annotations:
D:4 Menkaure


Innate Abilities, Weirdness & Mutations

You are very small and have problems with some larger weapons.
You are too small for most types of armour.
You have supernaturally acute eyesight. (SInv)
You cover ground extremely quickly. (Speed+++)


Message History

You see here a poisoned dart.
You see here a poisoned dart.
Casting: Corona (safe; 12% risk of failure)
Confirm with . or Enter, or press ? or * to list all spells.
Okay, then.
Throw: 4 darts (poison)
Press: ? - help, Q - select action, (/) - cycle Shift-Dir - straight line, f - human
Aim: a human (severely wounded, 53% to hit)
You throw a poisoned dart.
The poisoned dart barely misses the human.
Throw: 3 darts (poison)
Press: ? - help, Q - select action, (/) - cycle Shift-Dir - straight line, f/p - human
Aim: a human (severely wounded, 53% to hit)
You throw a poisoned dart.
The poisoned dart barely misses the human.
Throw: 2 darts (poison)
Press: ? - help, Q - select action, (/) - cycle Shift-Dir - straight line, f/p - human
Aim: a human (severely wounded, 53% to hit)
You throw a poisoned dart.
The poisoned dart closely misses the human.
Throw: dart (poison)
Press: ? - help, Q - select action, (/) - cycle Shift-Dir - straight line, f/p - human
Aim: a human (severely wounded, 53% to hit)
You throw a poisoned dart.
The poisoned dart hits the water moccasin.
The water moccasin is moderately wounded.
You see here 2 poisoned darts.
d - 2 poisoned darts You see here a curare-tipped dart.
e - a curare-tipped dart The water moccasin bites you!
You are lethally poisoned!
The water moccasin poisons you!
* * * LOW HITPOINT WARNING * * *
You feel very sick.
You fade into invisibility!
* * * LOW HITPOINT WARNING * * *
You feel very sick. The water moccasin bites you!
You die...

#....#.#.##.#.#.#
##.........)
#.(..#.#....#.#.#
##..........
#(...#.+####'.#.#
##...........
#....#........#.#
###((###......)
#..(.'########'.###..###
##......
#.........(.....#..(...##
##....#
#..........#####..(.....#
##...#
#.....(..######(S.......#
#####
#.......###(.((.@....<.##
...........####......###
#....####### ##..####
#..### #..# #.## #..# #.#
##.## .## #..# ## ####


You could see a water moccasin.

Vanquished Creatures
  An ice beast (D:5)
  2 ogres
  A jelly (D:5)
  3 iguanas
  A scorpion zombie (D:5)
  2 hound skeletons (D:5)
  2 gnolls (D:5)
  3 adders
  A shadow imp (D:5)
  An adder skeleton (D:4)
  2 dart slugs
  2 orcs
  8 bats
  9 endoplasms
  6 giant cockroaches
  4 goblins
  9 hobgoblins
  2 jackals (D:1)
  9 kobolds
  5 quokkas
  6 ball pythons
  4 frilled lizards
  A kobold zombie (D:5)
  6 rats
  A butterfly (D:5)
91 creatures vanquished.

Vanquished Creatures (others)
  A water moccasin skeleton (D:5)
  2 gnolls (D:5)
  An adder (D:5)
4 creatures vanquished.

Grand Total: 95 creatures vanquished

Notes
Turn   | Place    | Note
-------+----------+-------------------------------------------
     0 | D:1      | Nosferatu13666 the Spriggan Brigand began the quest for the
                  | Orb.
     0 | D:1      | Reached XP level 1. HP: 10/10 MP: 2/2
     6 | D:1      | Noticed an iguana
     6 | D:1      | Noticed a black mamba
     6 | D:1      | Noticed a hog
     7 | D:1      | Noticed a swamp worm
     7 | D:1      | Noticed a black bear
    48 | D:1      | Reached skill level 6 in Stealth
   248 | D:1      | Reached XP level 2. HP: 14/14 MP: 3/3
  1177 | D:2      | Reached skill level 7 in Stealth
  1192 | D:2      | Reached XP level 3. HP: 18/18 MP: 4/4
  1441 | D:2      | Found a faded altar of an unknown god.
  1523 | D:2      | Found a shimmering blue altar of Sif Muna.
  1620 | D:2      | Reached skill level 1 in Spellcasting
  2028 | D:2      | Reached XP level 4. HP: 23/23 MP: 6/6
  2149 | D:3      | Noticed an ogre
  2195 | D:3      | Killed an ogre
  2196 | D:3      | Reached XP level 5. HP: 26/26 MP: 6/9
  2659 | D:4      | Found a sacrificial altar of Ru.
  2698 | D:4      | Learned a level 1 spell: Corona
  2766 | D:4      | Identified a scroll of acquirement
  2766 | D:4      | Acquired the ring of the Devouring King {Fire Drain Str+3
                  | SInv}
  2800 | D:4      | Noticed an ogre
  2844 | D:4      | Killed an ogre
  2930 | D:4      | Reached XP level 6. HP: 30/30 MP: 11/11
  3132 | D:4      | Found a shimmering altar of Xom.
  3446 | D:4      | Noticed Menkaure
  3601 | D:4      | Found Waulacuo's Distillery.
  4135 | D:5      | Entered Level 5 of the Dungeon
  4158 | D:5      | Found a faded altar of an unknown god.
  4417 | D:5      | Reached skill level 1 in Hexes
  4476 | D:5      | Reached skill level 8 in Stealth
  4506 | D:5      | Found a runed translucent door.
  4506 | D:5      | Noticed a human
  4545 | D:5      | Found a hazy altar of Hepliaklqana.
  4587 | D:5      | Found a basalt altar of Yredelemnul.
  4600 | D:5      | Found a staircase to the Ecumenical Temple.
  5287 | D:5      | Noticed an ice beast
  5290 | D:5      | Killed an ice beast
  5291 | D:5      | Reached XP level 7. HP: 35/35 MP: 11/13
  5430 | Temple   | Entered the Ecumenical Temple
  5452 | Temple   | Became a worshipper of Dithmenos the Shadowed
  5944 | D:5      | Slain by a water moccasin

Illustrated notes

Levels and vault maps discovered:
D:1:      onia_arrival_zoo_common, layout_basic, minmay_misc_feat_cross
D:2:      layout_basic, chequers_ecumenical_altar_simple_redux, basic_altar,
          st_stairs_11
D:3:      layout_rooms, kennysheep_generic_room_6
D:4:      minmay_angry_zag, layout_basic, tgw_xom, amcnicky_altar_gilded,
          serial_shops, kennysheep_little_box, uniq_menkaure
D:5:      layout_cave_pods, dk_yredelemnul_ordeal, kennysheep_mini_moat,
          minmay_temple_entry_butterflies, serial_column_ruins,
          column_ruins_hut, column_ruins_temple_hall,
          column_ruins_corridor_corner, column_ruins_open_small_water,
          column_ruins_open_tiny, minivault_11
D:6:      layout_cave_pools, old_standard_altar,
          gammafunk_temple_overflow_elements, dk_rats_in_the_wall
Temple:   eino_temple_water

Skill      XL: |  1  2  3  4  5  6 |
---------------+-------------------+-----
Stealth        | 6 7 8 |  8.4
Dodging        | 2 3 4 |  4.5
Spellcasting   | 1 2 3 |  3.5
Fighting       | 2 |  2.5
Short Blades   | 3 |  3.2
Hexes          | 1 |  1.6
Throwing       | 3 |  3.1

Action                   |  1- 3 |  4- 6 |  7- 9 || total
-------------------------+-------+-------+-------++-------
Melee: Dagger            |    90 |   116 |     3 ||   209
Throw: Dart              |    28 |    43 |    40 ||   111
 Cast: Corona            |       |       |     6 ||     6
  Use: Scroll            |       |     6 |       ||     6
       Potion            |       |       |     1 ||     1
 Stab: Sleeping          |    16 |    19 |     1 ||    36
       Distracted        |     2 |       |       ||     2
Armor: Robe              |    12 |    12 |     1 ||    25
Dodge: Dodged            |    72 |    81 |    15 ||   168

Table legend: (Time is in decaauts)
 A = Elapsed time spent in this place.
 B = Non-inter-level travel time spent in this place.
 C = Inter-level travel time spent in this place.
 D = Time resting spent in this place.
 E = Time spent auto-exploring this place.
 F = Levels seen in this place.
 G = Mean time per level.
                   A        B        C        D        E       F      G
               +--------+--------+--------+--------+--------+-----+--------+
         Total |   4289 |   4149 |    140 |    267 |   2697 |   7 |  612.7 |
       Dungeon |   4263 |   4135 |    128 |    267 |   2697 |   6 |  710.5 |
        Temple |     26 |     15 |     11 |      0 |      0 |   1 |   26.0 |
               +--------+--------+--------+--------+--------+-----+--------+

Top non-repeatable levels by time:
     D:5: 1209 daAuts
     D:4: 996 daAuts
     D:1: 860 daAuts
     D:2: 695 daAuts
     D:3: 488 daAuts
  Temple: 26 daAuts
     D:6: 12 daAuts
